[Event "Titled Tuesday Blitz August 16 Late 2022"]
[White "Moore, Alex"]
[Black "Barash, Anton"]
[WhiteFideId "30910692"]
[BlackFideId "30935229"]
[WhiteElo "1912"]
[BlackElo "2088"]
[Result "1-0"]
[Round "11"]
[TimeControl "180+1"]
[Date "2022.08.18"]
[WhiteClock "0:00:00"]
[BlackClock "0:00:00"]

1. d4 d5 2. c4 e6 3. Nc3 Be7 4. Nf3 Nf6 5. cxd5 exd5 6. Bg5 O-O 7. e3 b6 8. Bd3 Bb7 9. O-O c5 10. dxc5 bxc5 11. Qe2 Ne4 12. Bxe7 Qxe7 13. Rac1 Nd7 14. Rfd1 Nxc3 15. Rxc3 Nf6 16. Ba6 Bc6 17. Rcc1 Rab8 18. b3 Ne4 19. Nd2 Nxd2 20. Qxd2 Rb6 21. Bf1 Rfb8 22. Qa5 c4 23. bxc4 dxc4 24. Rxc4 Bb5 25. Rcd4 a6 26. Bxb5 axb5 27. g3 g6 28. Rd7 Qe6 29. Qc3 Ra8 30. Rd8+ Rxd8 31. Rxd8+ 1-0


[Site "https://www.chess.com"]

[Event "Titled Tuesday Blitz August 16 Late 2022"]
[White "Nakamura, Hikaru"]
[Black "Bortnyk, Olexandr"]
[WhiteFideId "2016192"]
[BlackFideId "14120828"]
[WhiteElo "2850"]
[BlackElo "2723"]
[Result "1-0"]
[Round "11"]
[TimeControl "180+1"]
[Date "2022.08.16"]
[WhiteClock "0:00:22"]
[BlackClock "0:00:04"]

1. Nf3 Nf6 2. e3 d5 3. c4 e6 4. d4 Be7 5. Nc3 O-O 6. Be2 b6 7. cxd5 exd5 8. O-O Bb7 9. a3 c5 10. dxc5 bxc5 11. b3 a6 12. Bb2 Nbd7 13. Rc1 Bd6 14. Qc2 Qe7 15. Rfd1 Rfe8 16. Qf5 Rad8 17. Bf1 Ne5 18. Nxe5 Bxe5 19. Na4 Bxb2 20. Nxb2 Ne4 21. Bd3 g6 22. Qf4 Ng5 23. Bf1 Ne6 24. Qg3 d4 25. Nc4 Bd5 26. Nd2 Qf6 27. Bxa6 h5 28. Bc4 h4 29. Qg4 Ng7 30. Bxd5 Rxd5 31. Nf3 d3 32. Rd2 Rb8 33. Qc4 Rbd8 34. h3 g5 35. Rcd1 Ne6 36. Rxd3 Rxd3 37. Rxd3 Rxd3 38. Qxd3 Qa1+ 39. Kh2 Qxa3 40. Qf5 Qxb3 41. Nxg5 Qb8+ 42. f4 Nxg5 43. Qxg5+ Kf8 44. Qxc5+ Kg8 45. Qg5+ Kf8 46. Qxh4 Qb3 47. Qg3 Qd3 48. Qf3 Qd2 49. e4 Qe1 50. e5 Qb4 51. Qg4 Qd4 52. Qg5 Qf2 53. h4 Qe2 54. h5 Ke8 55. h6 f6 56. Qg6+ Ke7 57. Qxf6+ Kd7 58. Qf5+ Ke7 59. h7 Qd2 60. Qf6+ Kd7 61. Qf7+ Kc6 62. h8=Q 1-0


[Site "https://www.chess.com"]

[Event "Titled Tuesday Blitz August 16 Late 2022"]
[White "Naroditsky, Daniel"]
[Black "Paravyan, David"]
[WhiteFideId "2026961"]
[BlackFideId "4194985"]
[WhiteElo "2628"]
[BlackElo "2569"]
[Result "1-0"]
[Round "11"]
[TimeControl "180+1"]
[Date "2022.08.16"]
[WhiteClock "0:00:10"]
[BlackClock "0:00:06"]

1. e4 e5 2. Nf3 Nf6 3. Nxe5 d6 4. Nf3 Nxe4 5. Bd3 d5 6. O-O Bd6 7. Nc3 Nxc3 8. dxc3 O-O 9. h3 h6 10. c4 dxc4 11. Bxc4 Nc6 12. c3 Qf6 13. Bd3 Bf5 14. Bxf5 Qxf5 15. Nd4 Qe5 16. Nf3 Qf5 17. Nd4 Nxd4 18. Qxd4 Rfd8 19. Qc4 b5 20. Qc6 Qc5 21. Qxc5 Bxc5 22. Bf4 Rd7 23. Rfd1 Rad8 24. Rxd7 Rxd7 25. h4 f6 26. Re1 Kf7 27. Kf1 g5 28. hxg5 hxg5 29. Be3 Bxe3 30. Rxe3 Rd2 31. Re2 Rd1+ 32. Re1 Rxe1+ 33. Kxe1 Ke6 34. Ke2 Kd5 35. Kd3 c5 36. b3 Ke5 37. Ke3 f5 38. c4 bxc4 39. bxc4 f4+ 40. Kd3 g4 41. f3 Kf5 42. fxg4+ Kxg4 43. Ke4 a6 44. a3 a5 45. a4 Kg5 46. Ke5 Kg4 47. Kf6 Kg3 48. Kf5 Kxg2 49. Kxf4 Kf2 50. Ke4 Ke2 51. Kd5 Kd3 52. Kxc5 Kc3 53. Kb5 1-0


[Site "https://www.chess.com"]

[Event "Titled Tuesday Blitz August 16 Late 2022"]
[White "Nozdrachev, Leonid"]
[Black "Senthil Maran K"]
[WhiteFideId "24113433"]
[BlackFideId "25035681"]
[WhiteElo "2100"]
[BlackElo "2124"]
[Result "1-0"]
[Round "11"]
[TimeControl "180+1"]
[Date "2022.08.16"]
[WhiteClock "0:01:14"]
[BlackClock "0:00:01"]

1. e4 c5 2. c3 Nf6 3. e5 Nd5 4. d4 cxd4 5. Nf3 Nc6 6. Bc4 Nb6 7. Bb3 d5 8. exd6 Qxd6 9. O-O d3 10. Na3 Bg4 11. Nb5 Qd7 12. Bf4 e5 13. Re1 f6 14. h3 Bxf3 15. Qxf3 O-O-O 16. Rad1 a6 17. Nd4 Nxd4 18. cxd4 Qxd4 19. Be3 Qd6 20. Qg4+ Kb8 21. Rxd3 Qxd3 22. Rd1 Qxd1+ 23. Bxd1 Nd5 24. Bd2 Bb4 25. Bxb4 Nxb4 26. Bf3 Nd5 27. Qxg7 Rhe8 28. Qxh7 Re7 29. Qe4 Nf4 30. h4 Rd4 31. Qf5 Rc7 32. Qxf6 Nd3 33. h5 Rc1+ 34. Kh2 Ka7 35. h6 Nxf2 36. Qxe5 Rh1+ 37. Kg3 Rdh4 38. Kxf2 1-0


[Site "https://www.chess.com"]

[Event "Titled Tuesday Blitz August 16 Late 2022"]
[White "Omariev, Maksim"]
[Black "Nazaretyan, Tigran"]
[WhiteFideId "4193423"]
[BlackFideId "24162345"]
[WhiteElo "2304"]
[BlackElo "2183"]
[Result "1-0"]
[Round "11"]
[TimeControl "180+1"]
[Date "2022.08.18"]
[WhiteClock "0:00:00"]
[BlackClock "0:00:00"]

1. b3 e5 2. Bb2 Nc6 3. h3 d5 4. g4 Be6 5. Bg2 Nge7 6. Nf3 Ng6 7. e3 e4 8. Nd4 Nxd4 9. Bxd4 Nh4 10. Rg1 Bd6 11. Bh1 Bh2 12. Rf1 h5 13. d3 hxg4 14. hxg4 Qg5 15. dxe4 Bxg4 16. Qd3 O-O-O 17. Nd2 Be5 18. f4 Ng2+ 19. Bxg2 Qh4+ 20. Rf2 Bxd4 21. Qxd4 dxe4 22. Qxe4 Rxd2 23. Qxb7+ Kd7 24. Qc6+ Kd8 25. Kxd2 Qxf2+ 26. Kc3 Qxe3+ 27. Kb2 Qd4+ 28. c3 Qd2+ 29. Ka3 Rh2 30. Rg1 Qd6+ 31. Qxd6+ cxd6 32. Bd5 f5 33. b4 Rf2 34. Rh1 Rxf4 35. Rh7 g5 36. Rxa7 Bf3 37. Bxf3 Rxf3 38. Kb3 g4 39. Rg7 g3 40. a4 f4 41. a5 Rf1 42. a6 Ra1 43. b5 Kc8 44. Kb2 Ra5 45. c4 d5 46. Kb3 dxc4+ 47. Kxc4 Ra1 48. Kc5 f3 49. Rg8+ Kd7 50. Rg7+ Ke6 51. Rxg3 f2 52. Rf3 f1=Q 53. Rxf1 Rxf1 54. a7 Ra1 55. b6 Kd7 56. b7 Rxa7 57. b8=Q Rc7+ 58. Kd5 Rc1 59. Qb5+ Kc8 60. Qa6+ Kb8 61. Qb6+ Kc8 62. Qe6+ Kb8 63. Qe5+ Kb7 64. Qb2+ Kc8 65. Qxc1+ Kd7 66. Qh6 1-0


[Site "https://www.chess.com"]

[Event "Titled Tuesday Blitz August 16 Late 2022"]
[White "Ozalp, Burak"]
[Black "Graif, William"]
[WhiteFideId "6314210"]
[BlackFideId "2609835"]
[WhiteElo "1854"]
[BlackElo "1942"]
[Result "1/2-1/2"]
[Round "11"]
[TimeControl "180+1"]
[Date "2022.08.18"]
[WhiteClock "0:00:00"]
[BlackClock "0:00:00"]

1. e4 e5 2. Nc3 Bc5 3. g3 d6 4. Bg2 Nc6 5. d3 f5 6. Nf3 Nf6 7. O-O O-O 8. exf5 Bxf5 9. Na4 Nd7 10. Nxc5 Nxc5 11. d4 exd4 12. Nxd4 Nxd4 13. Qxd4 Qf6 14. Qxf6 Rxf6 15. Be3 Be4 16. Bxc5 Bxg2 17. Kxg2 dxc5 18. Rfe1 Kf7 19. Re5 Rd8 20. Rxc5 c6 21. Rf1 Rd2 22. a4 Ke7 23. Rc3 h6 24. b3 Kf7 25. h4 Re6 26. Rf3+ Kg6 27. c4 Rb2 28. Rd1 Re7 29. Rd6+ Kh7 30. h5 a6 31. Rd8 g6 32. hxg6+ Kxg6 33. Rg8+ Kh7 34. Rg4 Rc2 35. Rh4 Rd2 36. Rf6 Kg7 37. Rhxh6 Rd3 38. Rhg6+ Kh7 39. Rg4 Rxb3 40. Rf5 Kh6 41. Rg8 Kh7 42. Rg4 Kh6 43. Rd4 Rb4 44. Rff4 Rxa4 45. g4 a5 46. Kg3 Ra3+ 47. f3 a4 48. Rd6+ Kg7 49. c5 Rc3 50. Rxa4 Rxc5 51. Ra8 b5 52. Rdd8 b4 53. g5 Rb5 54. Rg8+ Kf7 55. Raf8+ Ke6 56. Rf6+ Kd5 57. g6 b3 58. Rf5+ Kc4 59. Rf4+ Kc3 60. Rh8 b2 61. Rh1 b1=Q 62. Rxb1 Rxb1 63. Rg4 Rbb7 64. f4 c5 65. f5 c4 66. f6 Kb2 67. fxe7 Rxe7 68. g7 Rxg7 69. Rxg7 c3 70. Kf2 c2 71. Rb7+ Ka1 72. Rc7 Kb1 73. Rb7+ Ka1 74. Ra7+ Kb1 75. Rb7+ Ka1 1/2-1/2


[Site "https://www.chess.com"]

[Event "Titled Tuesday Blitz August 16 Late 2022"]
[White "Pakleza, Zbigniew"]
[Black "Vlassov, Nikolai"]
[WhiteFideId "1119290"]
[BlackFideId "4103360"]
[WhiteElo "2411"]
[BlackElo "2324"]
[Result "0-1"]
[Round "11"]
[TimeControl "180+1"]
[Date "2022.08.16"]
[WhiteClock "0:00:04"]
[BlackClock "0:00:03"]

1. d4 Nf6 2. Nf3 e6 3. Bf4 c5 4. c3 b6 5. e3 Bb7 6. Nbd2 Be7 7. h3 d6 8. Nc4 Ne4 9. Bd3 O-O 10. O-O b5 11. Ncd2 Nxd2 12. Qxd2 Qb6 13. Qe2 b4 14. dxc5 Qxc5 15. Rac1 e5 16. cxb4 Qxb4 17. Bg5 f6 18. Rc4 Qb6 19. Qc2 fxg5 20. Bxh7+ Kh8 21. Bg6 Bxf3 22. gxf3 d5 23. Rc7 Bd6 24. Rf7 Nc6 25. Qf5 Rxf7 26. Bxf7 Be7 27. Qg6 Nd8 28. Qh5+ Qh6 29. Qxh6+ gxh6 30. Bxd5 Rc8 31. b3 Kg7 32. Rd1 Rc2 33. a4 Kf6 34. Bc4 Ne6 35. Rd7 a5 36. Ra7 Nc5 37. Rxa5 Rb2 38. Rb5 e4 39. Rb6+ Kg7 40. fxe4 Bf6 41. Bd5 Nd3 42. Rb5 Nxf2 43. a5 Nxh3+ 44. Kf1 Bc3 45. a6 Rf2# 0-1


[Site "https://www.chess.com"]

[Event "Titled Tuesday Blitz August 16 Late 2022"]
[White "Perez Cruz, Adianet"]
[Black "Vargas, Mauricio"]
[WhiteFideId "3510115"]
[BlackFideId "4404572"]
[WhiteElo "1976"]
[BlackElo "2004"]
[Result "1-0"]
[Round "11"]
[TimeControl "180+1"]
[Date "2022.08.18"]
[WhiteClock "0:00:00"]
[BlackClock "0:00:00"]

1. d4 d5 2. Nf3 Bg4 3. e3 e6 4. h3 Bf5 5. Bd3 Bd6 6. b3 c6 7. Bb2 Nd7 8. Bxf5 exf5 9. Nbd2 Ngf6 10. Ne5 Ne4 11. O-O O-O 12. f4 Ndf6 13. Ndf3 Ng3 14. Re1 Nfe4 15. c4 f6 16. Nd3 Qe8 17. cxd5 cxd5 18. Rc1 Rd8 19. Nc5 b6 20. Nd3 Kh8 21. Rc2 Qh5 22. Nd2 Rg8 23. Qxh5 Nxh5 24. Nxe4 fxe4 25. Nf2 Ng3 26. Rec1 Nf5 27. Nd1 g5 28. fxg5 Rxg5 29. Kf2 Bg3+ 30. Kf1 Bh2 31. Rc6 Ng3+ 32. Ke1 Rf5 33. Nf2 Bg1 34. Ng4 Rf1+ 35. Kd2 f5 36. Ne5 Rf2+ 37. Kd1 Rxg2 38. Nf7+ Kg7 39. Nxd8 Bxe3 40. Rc7+ Kg6 41. R1c6+ Kg5 42. Ne6+ Kh4 43. Rxh7+ Nh5 44. Bc1 Rg1+ 45. Ke2 f4 46. Bxe3 fxe3 47. Nf4 Rh1 48. Rxh5+ Kg3 49. Nxd5 Rh2+ 50. Kxe3 Rxa2 51. Rg6+ Kh2 52. Nf4 Ra3 53. Rg2+ Kh1 54. Kxe4 Rxb3 55. Rc2 Rg3 56. Rf5 a5 57. Rf6 a4 58. Rxb6 a3 59. Rb1+ Rg1 60. Rxg1+ Kxg1 61. Ra2 1-0


[Site "https://www.chess.com"]

[Event "Titled Tuesday Blitz August 16 Late 2022"]
[White "Peroza, Eduardo Antunes"]
[Black "Fernandez Hernandez, Gerardo"]
[WhiteFideId "2171635"]
[BlackFideId "2207400"]
[WhiteElo "1939"]
[BlackElo "2169"]
[Result "1-0"]
[Round "11"]
[TimeControl "180+1"]
[Date "2022.08.18"]
[WhiteClock "0:00:00"]
[BlackClock "0:00:00"]

1. e4 e6 2. d4 d5 3. Nd2 Nc6 4. Ngf3 Nf6 5. e5 Nd7 6. Bb5 f6 7. O-O Be7 8. Re1 O-O 9. Nf1 fxe5 10. Nxe5 Ncxe5 11. dxe5 a6 12. Bd3 Qe8 13. c3 Qf7 14. Qc2 Qh5 15. Ng3 Qh4 16. Nf1 Nc5 17. g3 Nxd3 18. gxh4 Nxe1 19. Qe2 Nf3+ 20. Kh1 Bxh4 21. Ng3 Bd7 22. Be3 Bb5 23. Qc2 Nxe5 24. Bd4 Nf3 25. Nh5 e5 26. Be3 d4 27. cxd4 exd4 28. Bd2 Bc6 29. Qc4+ Kh8 30. Bf4 Nd2+ 31. Qxc6 bxc6 32. Bxd2 Rxf2 33. Bb4 Rxb2 34. Bc5 Rd2 35. Rg1 Rg8 36. Nf4 Bf6 37. Rg4 Re8 38. Ng2 Ree2 39. h4 1-0


[Site "https://www.chess.com"]

[Event "Titled Tuesday Blitz August 16 Late 2022"]
[White "Pinheiro, Iung Alicio de O."]
[Black "Prydun, Andriy"]
[WhiteFideId "2104350"]
[BlackFideId "14145898"]
[WhiteElo "2283"]
[BlackElo "2163"]
[Result "1-0"]
[Round "11"]
[TimeControl "180+1"]
[Date "2022.08.16"]
[WhiteClock "0:01:07"]
[BlackClock "0:00:02"]

1. d4 Nf6 2. c4 c6 3. Nc3 d5 4. cxd5 cxd5 5. Bf4 Nc6 6. e3 Bg4 7. Qb3 Na5 8. Qa4+ Bd7 9. Qc2 Rc8 10. Nf3 e6 11. Bd3 Bb4 12. O-O h6 13. h3 O-O 14. Rac1 a6 15. Qe2 Qe7 16. Ne5 Rfd8 17. g4 Ne8 18. Bb1 f6 19. Qc2 1-0


[Site "https://www.chess.com"]

[Event "Titled Tuesday Blitz August 16 Late 2022"]
[White "Pires, Marcos Vinicius Torsani"]
[Black "Oro, Luis"]
[WhiteFideId "2118939"]
[BlackFideId "104094"]
[WhiteElo "2273"]
[BlackElo "2255"]
[Result "1-0"]
[Round "11"]
[TimeControl "180+1"]
[Date "2022.08.18"]
[WhiteClock "0:00:00"]
[BlackClock "0:00:00"]

1. d4 Nf6 2. Bf4 d5 3. e3 e6 4. Nf3 Bd6 5. Bg3 O-O 6. Nbd2 c5 7. c3 Qc7 8. Bd3 Nbd7 9. Bxd6 Qxd6 10. O-O e5 11. dxe5 Nxe5 12. Nxe5 Qxe5 13. Nf3 Qd6 14. Be2 Bg4 15. c4 Rad8 16. Qb3 b6 17. Rad1 Bxf3 18. Bxf3 d4 19. exd4 cxd4 20. Qa4 Qc7 21. Rd2 Rd6 22. Rfd1 Rfd8 23. h3 g6 24. Qb5 Qc5 25. Qa4 Qc7 26. Qc2 Kg7 27. b3 Qc5 28. Qb2 d3 29. Qc3 Qd4 30. Qc1 h5 31. Re1 Nd7 32. Bd5 Rc8 33. Qd1 Nc5 34. b4 Nd7 35. Rxd3 Qf6 36. Rf3 Qg5 37. Qd4+ Nf6 38. h4 Qg4 39. Qb2 b5 40. Re4 Qd7 41. Ref4 Qe7 42. c5 Rxd5 43. Rxf6 Kg8 44. Rxf7 Rf8 45. Qg7# 1-0


[Site "https://www.chess.com"]

[Event "Titled Tuesday Blitz August 16 Late 2022"]
[White "Postnikov, Daniil"]
[Black "Wieczorek, Oskar"]
[WhiteFideId "4166329"]
[BlackFideId "1133950"]
[WhiteElo "2261"]
[BlackElo "2302"]
[Result "1/2-1/2"]
[Round "11"]
[TimeControl "180+1"]
[Date "2022.08.16"]
[WhiteClock "0:00:08"]
[BlackClock "0:00:06"]

1. e4 c5 2. a3 g6 3. h4 h5 4. Bc4 Bg7 5. Nc3 Nc6 6. Nf3 e6 7. d3 a6 8. Ba2 d6 9. Ne2 Nf6 10. Ng5 b5 11. Nf4 Ne5 12. O-O O-O 13. c3 Bb7 14. Ngxe6 fxe6 15. Nxe6 Qe7 16. Nxf8+ Kxf8 17. f4 Neg4 18. f5 c4 19. Bg5 Rc8 20. fxg6 Kg8 21. dxc4 bxc4 22. Qd4 Qxe4 23. Qxe4 Bxe4 24. Rad1 d5 25. Bb1 Bxb1 26. Rxb1 Ne4 27. Bf4 d4 28. Rfe1 Re8 29. Rbd1 d3 30. g3 Ngf2 31. Rd2 Nh3+ 32. Kg2 Nxf4+ 33. gxf4 Bh6 34. Rdd1 d2 35. Re2 Bxf4 36. Kf3 Rf8 37. Kxe4 Bh6 38. Rexd2 Bxd2 39. Rxd2 Kg7 40. Rd4 Rb8 41. Rxc4 Rxb2 42. Rc6 Rb3 43. Rxa6 Rxc3 44. Kf4 Rc5 45. a4 Rc4+ 46. Kg5 Rc5+ 47. Kf4 Rc4+ 48. Kf3 Rxh4 49. a5 Ra4 50. Kg3 Kh6 51. Kh3 Kg7 52. Kg3 Kh6 53. Kh3 Kg7 54. Kg3 1/2-1/2


[Site "https://www.chess.com"]

[Event "Titled Tuesday Blitz August 16 Late 2022"]
[White "Potapova, Margarita"]
[Black "Petrovic, Aleksa"]
[WhiteFideId "14126869"]
[BlackFideId "967629"]
[WhiteElo "2225"]
[BlackElo "2262"]
[Result "0-1"]
[Round "11"]
[TimeControl "180+1"]
[Date "2022.08.18"]
[WhiteClock "0:00:00"]
[BlackClock "0:00:00"]

1. d4 Nf6 2. Bg5 e6 3. e4 d5 4. exd5 exd5 5. Nf3 Be7 6. Bd3 O-O 7. O-O c5 8. dxc5 Nc6 9. Nbd2 Bxc5 10. Nb3 Bb6 11. h3 Qd6 12. Bh4 h6 13. c4 g5 14. Bg3 Qxg3 15. c5 Bxc5 16. Nxc5 Qd6 17. Rc1 b6 18. Nb3 Bd7 19. Bb1 Rac8 20. Qd3 Ne5 21. Nxe5 Qxe5 22. Rce1 Qd6 23. Nd4 Rfe8 24. Rd1 Kg7 25. a3 Re7 26. Qf3 Rce8 27. Bf5 Qf4 28. Qd3 Ne4 29. Bxd7 Rxd7 30. g4 h5 31. Nf5+ Kg6 32. f3 Nc5 33. Qc2 Kf6 34. b4 Ne6 35. Rfe1 d4 36. Rd3 Rc7 37. Qf2 hxg4 38. hxg4 Rh8 39. Nxd4 Rh3 40. Nxe6 fxe6 41. Kg2 Rh2+ 42. Kg1 Rxf2 43. Kxf2 Rc2+ 44. Kf1 Qg3 45. Re2 Rc1+ 0-1


[Site "https://www.chess.com"]

[Event "Titled Tuesday Blitz August 16 Late 2022"]
[White "Prieto Aranguren, Alain"]
[Black "Buchenau, Frank"]
[WhiteFideId "2268906"]
[BlackFideId "4604350"]
[WhiteElo "2224"]
[BlackElo "2157"]
[Result "0-1"]
[Round "11"]
[TimeControl "180+1"]
[Date "2022.08.18"]
[WhiteClock "0:00:00"]
[BlackClock "0:00:00"]

1. d4 e6 2. e4 d5 3. exd5 exd5 4. Bd3 Nc6 5. Nf3 Bg4 6. c3 Bd6 7. O-O Nge7 8. Nbd2 f6 9. Re1 Qd7 10. Nf1 O-O-O 11. b4 Rde8 12. a4 Bf5 13. a5 Bxd3 14. Qxd3 Qf5 15. Qd1 a6 16. Ne3 Qd7 17. Rb1 Na7 18. c4 dxc4 19. Nxc4 Nd5 20. Nxd6+ Qxd6 21. Be3 Nc3 22. Qc2 Nxb1 23. Rxb1 Nb5 24. Rc1 Qxb4 25. d5 Qe4 26. Qc5 Qe7 27. Qc4 Rd8 28. Bb6 Kb8 29. Be3 Qf7 30. Bf4 Rxd5 31. Nd4 Rhd8 32. h4 Rxd4 33. Qxf7 Rxf4 34. Qxg7 Rxh4 35. Qxf6 Rhd4 36. Qh6 R4d7 37. f4 Nd4 38. Kh2 Ne2 39. Rf1 Rd6 40. Qxh7 Rf6 41. f5 Rdd6 42. Qg8+ Ka7 43. g4 Rd2 44. g5 Nd4+ 45. Kh3 Rc6 46. f6 Rc3+ 47. Kg4 Rg2+ 48. Kh5 Rh3+ 49. Kg6 Rxg5+ 50. Kxg5 Rg3+ 51. Kh6 Rxg8 52. f7 Rf8 53. Kg7 Ne6+ 54. Kf6 Nd8 55. Rd1 Rxf7+ 56. Kg6 Rf8 0-1


[Site "https://www.chess.com"]

[Event "Titled Tuesday Blitz August 16 Late 2022"]
[White "Reprintsev, Alexander"]
[Black "Gubajdullin, Alexei"]
[WhiteFideId "14100541"]
[BlackFideId "4141202"]
[WhiteElo "2108"]
[BlackElo "2214"]
[Result "0-1"]
[Round "11"]
[TimeControl "180+1"]
[Date "2022.08.16"]
[WhiteClock "0:00:02"]
[BlackClock "0:00:04"]

1. e4 d5 2. exd5 Qxd5 3. Nc3 Qd6 4. d4 Nf6 5. Nf3 a6 6. g3 e6 7. Bg2 Nc6 8. Bf4 Qd8 9. O-O Be7 10. Ne2 O-O 11. c4 Rb8 12. Qc2 b6 13. Rfd1 Bb7 14. a3 Bd6 15. Bg5 h6 16. Bc1 b5 17. b3 bxc4 18. bxc4 Na5 19. Bd2 Be4 20. Qc3 Nb3 21. Ra2 c5 22. Be1 Qb6 23. Rb2 Rfc8 24. Nd2 Bxg2 25. Rxb3 Qc6 26. Rxb8 Rxb8 27. d5 exd5 28. Kxg2 Qa4 29. cxd5 Qxd1 30. Kf1 Re8 31. Qd3 Nxd5 32. Qxd5 Qxe2+ 33. Kg2 Qxe1 34. Qxd6 Qd1 35. Qc6 Rd8 36. Nf3 Qd5 37. Qxa6 c4 38. Qb6 c3 39. Qc7 c2 40. Qxc2 Qa8 41. Qc3 Rb8 42. Qe3 Qd5 43. Kh3 Rb3 44. Qe8+ Kh7 45. Nh4 Qe6+ 46. Qxe6 fxe6 47. f4 Rxa3 48. Kg4 Ra4 49. h3 e5 50. Kf5 exf4 51. gxf4 g5 52. Ng2 Ra5+ 53. Kg4 Kg6 54. fxg5 Rxg5+ 55. Kf3 Kh5 56. h4 Rg4 57. Kf2 Ra4 58. Kg3 Ra3+ 59. Kf4 Rb3 60. Kf5 Rg3 0-1


[Site "https://www.chess.com"]

[Event "Titled Tuesday Blitz August 16 Late 2022"]
[White "Riehle, Marco"]
[Black "Avila Pavas, Santiago"]
[WhiteFideId "12904392"]
[BlackFideId "4437128"]
[WhiteElo "2462"]
[BlackElo "2291"]
[Result "0-1"]
[Round "11"]
[TimeControl "180+1"]
[Date "2022.08.16"]
[WhiteClock "0:02:19"]
[BlackClock "0:01:41"]

1. e4 Nf6 2. e5 Nd5 3. Nc3 Nxc3 4. dxc3 d6 5. Nf3 Nc6 6. Bb5 Bd7 7. O-O Nxe5 8. Nxe5 dxe5 9. Bc4 e6 10. Qh5 Qf6 11. Rd1 Bd6 12. Be3 O-O 13. Bd3 h6 14. Be4 Bc6 15. Bxc6 bxc6 16. c4 c5 17. Qg4 Rad8 18. Qe4 Qf5 19. Qb7 Qxc2 20. Qxa7 Qxb2 21. a4 Ra8 0-1


[Site "https://www.chess.com"]

[Event "Titled Tuesday Blitz August 16 Late 2022"]
[White "Rios Escobar, Adan"]
[Black "Lehtosaari, Mauri"]
[WhiteFideId "3403645"]
[BlackFideId "501999"]
[WhiteElo "2276"]
[BlackElo "2200"]
[Result "1-0"]
[Round "11"]
[TimeControl "180+1"]
[Date "2022.08.18"]
[WhiteClock "0:00:00"]
[BlackClock "0:00:00"]

1. d4 d5 2. g3 Nf6 3. Nf3 c6 4. c4 Bf5 5. Nc3 e6 6. Nh4 Be4 7. f3 Bg6 8. Qb3 Qb6 9. Nxg6 hxg6 10. c5 Qxb3 11. axb3 Nbd7 12. b4 e5 13. e3 exd4 14. exd4 Nh5 15. Bg2 Be7 16. b5 O-O 17. bxc6 bxc6 18. Ra6 Nb8 19. Ra4 Re8 20. Kf2 Bf6 21. g4 Bh4+ 22. Kg1 Re1+ 23. Bf1 Rxc1 24. gxh5 gxh5 25. Ne2 Rb1 26. b4 Nd7 27. Kg2 Rb2 28. Kh3 Bf6 29. Nf4 g6 30. Ra6 Nb8 31. Ra4 Bxd4 32. Nd3 Rb3 33. b5 Rxb5 34. Rxd4 Rb3 35. Be2 Nd7 36. Ra1 Rc3 37. Rda4 Nxc5 38. Nxc5 Rxc5 39. Rxa7 Rxa7 40. Rxa7 Rc2 41. Ba6 c5 42. Rd7 d4 43. Kg3 Kg7 44. Bd3 Rc3 45. Be4 Re3 46. Bd5 g5 47. Rxf7+ Kg6 48. Rd7 Re2 49. Be4+ Kf6 50. Rd5 h4+ 51. Kh3 Re3 52. Rf5+ Ke6 53. Rxc5 d3 54. Rd5 Kf6 55. Kg4 Ke6 56. Rxd3 Re2 57. Kxg5 Rxh2 58. f4 h3 59. Bf5+ Ke7 60. Rxh3 Rg2+ 61. Bg4 Ra2 62. Re3+ Kf7 63. Be6+ Kg7 64. Bxa2 Kh8 65. Re8+ Kg7 66. Re7+ Kf8 67. Rf7+ Kg8 68. f5 Kh8 69. Kg6 Kg8 70. f6 Kh8 71. Rf8# 1-0


[Site "https://www.chess.com"]

[Event "Titled Tuesday Blitz August 16 Late 2022"]
[White "Roman, Rodrigo"]
[Black "Przybylski, Wojciech"]
[WhiteFideId "3701220"]
[BlackFideId "1117599"]
[WhiteElo "2001"]
[BlackElo "2133"]
[Result "0-1"]
[Round "11"]
[TimeControl "180+1"]
[Date "2022.08.18"]
[WhiteClock "0:00:00"]
[BlackClock "0:00:00"]

1. e4 e5 2. Nf3 Nf6 3. Nxe5 d6 4. Nf3 Nxe4 5. d4 d5 6. Bd3 Bd6 7. O-O O-O 8. c4 c6 9. Qb3 Na6 10. Nc3 Bg4 11. Nxe4 dxe4 12. Bxe4 f5 13. Bb1 Bxf3 14. Qxf3 Qh4 15. h3 Qxd4 16. Bxf5 Qe5 17. Bxh7+ Kxh7 18. Qd3+ Kg8 19. f4 Qc5+ 20. Kh1 Rad8 21. Be3 Qf5 22. Qb3 Nc5 23. Bxc5 Bxc5 24. Qxb7 Rd6 25. Rae1 Rh6 26. Rf3 Bd6 27. Qxc6 Bb4 28. Qe4 Bxe1 29. Qxe1 Re6 30. Qd2 Kh8 31. Kh2 Qe4 32. b3 Rfe8 33. Qd7 R6e7 34. Qg4 Kg8 35. Qg5 Rf7 36. Kg3 Rf5 37. Qg4 Re6 38. Kh2 Rf7 39. Rf2 a5 40. f5 Qxg4 41. hxg4 Re4 42. Kg3 a4 43. Rf3 a3 44. Rf2 Re1 45. Rd2 Rb1 46. Kf4 Rb2 47. Rd8+ Rf8 48. Rd7 Rxa2 49. Ra7 Rb8 50. Kg5 Rxg2 51. Rxa3 Rg3 52. Kh4 Rgxb3 53. Ra7 R3b7 54. Ra6 Rc7 55. Kg5 Rbc8 56. f6 Rc5+ 57. Kg6 gxf6 58. g5 fxg5 59. Kf6 Rxc4 60. Kxg5 R4c5+ 61. Kg4 R8c6 62. Kf3 Rxa6 63. Ke3 Rd6 64. Ke4 Kf7 65. Kf4 Ke7 66. Ke3 Re5+ 67. Kf4 Ree6 68. Kf5 Kf7 69. Kg5 Rd5+ 70. Kf4 Rc5 71. Kg4 Kg6 72. Kf4 Rf5+ 73. Kg4 Kf6 74. Kg3 Ke5 75. Kg4 Rg6+ 76. Kh4 Rf8 77. Kh5 Rg1 78. Kh6 Rh8# 0-1


[Site "https://www.chess.com"]

[Event "Titled Tuesday Blitz August 16 Late 2022"]
[White "Rose, Felix"]
[Black "McBryde, Lamel"]
[WhiteFideId "5105722"]
[BlackFideId "2058596"]
[WhiteElo "2039"]
[BlackElo "2136"]
[Result "1-0"]
[Round "11"]
[TimeControl "180+1"]
[Date "2022.08.18"]
[WhiteClock "0:00:00"]
[BlackClock "0:00:00"]

1. e4 Nf6 2. e5 Nd5 3. d4 Nb6 4. c4 d6 5. exd6 cxd6 6. Nc3 g6 7. Be3 Bg7 8. Rc1 O-O 9. b3 Bf5 10. d5 Na6 11. Nf3 Bg4 12. Be2 e6 13. dxe6 Bxe6 14. O-O Nb4 15. Qd2 d5 16. Bc5 Nc6 17. Bxf8 Kxf8 18. Nxd5 Nxd5 19. cxd5 Bxd5 20. Rfd1 1-0


[Site "https://www.chess.com"]

[Event "Titled Tuesday Blitz August 16 Late 2022"]
[White "Sailer, Mike"]
[Black "Ardila, Oscar Humberto"]
[WhiteFideId "2012901"]
[BlackFideId "4404742"]
[WhiteElo "2109"]
[BlackElo "1939"]
[Result "0-1"]
[Round "11"]
[TimeControl "180+1"]
[Date "2022.08.18"]
[WhiteClock "0:00:00"]
[BlackClock "0:00:00"]

1. d4 Nf6 2. Nc3 d5 3. Bf4 e6 4. e3 Bb4 5. Ne2 O-O 6. a3 Ba5 7. b4 Bb6 8. Na4 Nbd7 9. Nxb6 axb6 10. Nc1 Re8 11. Bd3 e5 12. dxe5 Nxe5 13. Be2 c5 14. bxc5 bxc5 15. O-O Bf5 16. Nd3 Bxd3 17. cxd3 Qd7 18. Qb3 b5 19. Rfb1 Ng6 20. Bg3 Ra5 21. d4 c4 22. Qb4 Rea8 23. Bf3 Ne4 24. Bxe4 dxe4 25. Bd6 Nh4 26. Bg3 Ng6 27. h3 Ne7 28. a4 Nd5 29. Qc5 Rxa4 30. Rxa4 bxa4 31. Qxc4 a3 32. Ra1 h5 33. Qb3 h4 34. Be5 f6 35. Bf4 g5 36. Bh2 Kg7 37. Rxa3 Rxa3 38. Qxa3 Qb7 39. Qa1 Kg6 40. Kh1 Qb3 41. Bd6 Qc2 42. Kg1 Nc3 43. Bc5 Ne2+ 44. Kh1 Nc3 45. Qf1 Nd5 46. Kg1 Qd2 47. Qa6 Qe1+ 48. Qf1 Qd2 49. Qa1 Nc3 50. Qf1 Ne2+ 51. Kh1 f5 52. Qa1 Kh5 53. Qf1 f4 54. exf4 gxf4 55. Kh2 f3 56. gxf3 exf3 57. Qb1 Qf4+ 58. Kh1 Qc1+ 59. Qxc1 Nxc1 60. Kg1 Kg5 61. Kf1 Kf4 62. Ke1 Nd3+ 63. Kd2 Nxf2 64. d5 Ne4+ 0-1


[Site "https://www.chess.com"]

[Event "Titled Tuesday Blitz August 16 Late 2022"]
[White "Sarkar, Justin"]
[Black "Sanchez, Robert"]
[WhiteFideId "2010011"]
[BlackFideId "2034360"]
[WhiteElo "2076"]
[BlackElo "1966"]
[Result "0-1"]
[Round "11"]
[TimeControl "180+1"]
[Date "2022.08.18"]
[WhiteClock "0:00:00"]
[BlackClock "0:00:00"]

1. e4 e6 2. d4 d5 3. Nc3 Nf6 4. Bg5 Be7 5. e5 Nfd7 6. h4 h6 7. Be3 a6 8. Qg4 Kf8 9. f4 c5 10. dxc5 Nc6 11. Nf3 Nxc5 12. h5 b5 13. Nd4 Nxd4 14. Bxd4 b4 15. Nd1 Ne4 16. Nf2 Qc7 17. Nxe4 dxe4 18. O-O-O a5 19. Rh3 a4 20. Rg3 Rg8 21. Kb1 Bd7 22. Re3 Rc8 23. Qe2 Bb5 24. Qf2 Bxf1 25. Rxf1 Qc4 26. Rxe4 b3 27. cxb3 axb3 28. a3 Qd3+ 29. Ka1 Qxe4 0-1


[Site "https://www.chess.com"]